 Dungeon Crawl Stone Soup version 0.29.1-15-g9cfb28693d (webtiles) character file.

Game seed: 18316556695288616992

296 EarthwalkerPL the Trooper (level 6, -1/56 HPs)
             Began as a Minotaur Fighter on Apr 17, 2023.
             Killed from afar by an orc wizard (5 damage)
             ... with a puff of flame
             ... on level 4 of the Dungeon.
             The game lasted 00:03:42 (2754 turns).

EarthwalkerPL the Trooper (Minotaur Fighter)        Turns: 2754, Time: 00:03:42

Health: -1/56      AC:  7    Str: 23    XL:     6   Next: 12%
Magic:  5/5        EV:  9    Int:  5    God:
Gold:   176        SH:  0    Dex: 15    Spells: 5/5 levels left

rFire   . . .      SeeInvis .   a - +0 war axe
rCold   . . .      Faith    .   c - +0 buckler
rNeg    . . .      Spirit   .   b - +0 scale mail
rPois   .          Reflect  .   (helmet restricted)
rElec   .          Harm     .   (no cloak)
rCorr   .          Rampage  .   (no gloves)
Will    .....                   (no boots)
Stlth   ..........              (no amulet)
HPRegen 0.18/turn               u - +6 ring of dexterity
MPRegen 0.09/turn               (no ring)

@: confused
A: horns 2, retaliatory headbutt
a: no special abilities


You were on level 4 of the Dungeon.
You visited 1 branch of the dungeon, and saw 4 of its levels.

You collected 176 gold pieces.

Inventory:

Hand Weapons
 a - a +0 war axe (weapon)
Missiles
 f - 5 datura-tipped darts (quivered)
 l - 11 poisoned darts
 o - 3 boomerangs
 r - 3 javelins
Armour
 b - a +0 scale mail (worn)
 c - a +0 buckler (worn)
Jewellery
 u - a +6 ring of dexterity (left hand)
Scrolls
 e - 5 scrolls of identify {unknown}
 g - a scroll of torment {unknown}
 h - a scroll of enchant armour {unknown}
 k - a scroll of fog {unknown}
 m - a scroll of immolation {unknown}
 n - a scroll of poison {unknown}
 q - 2 scrolls of blinking {unknown}
 s - a scroll of vulnerability {unknown}
 v - a scroll of fear {unknown}
 w - a scroll of enchant weapon {unknown}
Potions
 d - a potion of might
 i - a potion of attraction {unknown}
 j - 2 potions of mutation {unknown}
 p - a potion of berserk rage {unknown}
 t - a potion of heal wounds {unknown}


   Skills:
 * Level 5.3 Fighting
 * Level 4.7 Axes
 * Level 5.2 Armour
 + Level 4.5 Shields


You had 5 spell levels left.
You didn't know any spells.
Your spell library contained the following spells:

 Spells                   Type           Power      Damage    Failure   Level
 Beastly Appendage        Tmut           0%         N/A       86%         1
 Static Discharge         Conj/Air       0%         3-3/arc   94%         2
 Wereblood                Tmut           0%         N/A       94%         2
 Dazzling Flash           Conj/Hex       0%         N/A       99%         3
 Spider Form              Tmut/Pois      0%         N/A       99%         3
 Airstrike                Air            0%         2d(0-16)  100%        4
 Dispel Undead            Necr           0%         3d6       100%        4
 Sticky Flame             Conj/Fire      0%         2d3       100%        4
 Summon Lightning Spire   Summ/Air       0%         N/A       100%        4
 Agony                    Necr           0%         N/A       100%        5
 Lightning Bolt           Conj/Air       0%         1d11      100%        5
 Silence                  Hex/Air        0%         N/A       100%        5


Dungeon Overview and Level Annotations

Branches:
Dungeon (4/15)
 Temple: D:4-7

Altars:
Elyvilon
Fedhas
Ru
Vehumet
Xom

Shops:
D:1 [


Innate Abilities, Weirdness & Mutations

You have a pair of horns on your head.
You reflexively headbutt those who attack you in melee.


Message History

The orc priest is moderately wounded.
You barely miss something. You block the orc priest's attack.
Something hits you but does no damage.
You closely miss the orc priest. You headbutt the orc priest.
The orc priest is heavily wounded.
You barely miss the orc. You barely miss something. You block the orc's attack.
The orc priest hits you with a +0 flail!
Something hits you but does no damage. The orc barely misses you.
Something hits you.
The orc priest mumbles some strange prayers to Beogh against you.
Beogh smites you!
* * * LOW HITPOINT WARNING * * *
The orc hits you with a +0 club.
* * * LOW HITPOINT WARNING * * *
You slash the orc priest!
You kill the orc priest!
You hit the orc.
You kill the orc!
You miss something. You slash the orc!
You kill the orc!
Something hits you.
* * * LOW HITPOINT WARNING * * *
You have reached level 6!
You slash something!
You hear some strange, mumbled words.
You are confused.
Unknown command.
You miss something.
You hear some strange, mumbled words.
Something tries to affect you, but you resist.
Something hits you but does no damage.
You see here a +0 dagger.
Something hits you.
* * * LOW HITPOINT WARNING * * *
You closely miss something. Something hits you.
* * * LOW HITPOINT WARNING * * *
You hear some strange, mumbled words.
A puff of flame appears from out of thin air!
The puff of flame hits you.
You die...

........# ........# ...
.####.### .. .# #.# .. .#
#.# #######. . .# #.#
......#### .. .# #.#
#.......#.# .####.#
#..)).....# ......#
#..@{.....## ...####
.####...)....... ...# #.
................
...####.########......#..
######
.#.#.....[............+
......
...#.............$....#
#...
.P.#.............######
#... ...####.#........#
#... ._.## # #........#
####


There were no monsters in sight!

Vanquished Creatures
  An orc priest (D:4)
  An iguana (D:4)
  Jessica (D:3)
  3 orc wizards
  A gnoll (D:1)
  4 adders
  3 dart slugs
  12 orcs
  6 bats
  4 endoplasms
  2 giant cockroaches
  4 goblins
  3 hobgoblins
  6 jackals
  6 quokkas
  6 ball pythons
  4 frilled lizards
  7 kobolds
  5 rats
79 creatures vanquished.

Vanquished Creatures (others)
  A kobold (D:3)
1 creature vanquished.

Grand Total: 80 creatures vanquished

Notes
Turn   | Place    | Note
-------+----------+-------------------------------------------
     0 | D:1      | EarthwalkerPL the Minotaur Fighter began the quest for the
                  | Orb.
     0 | D:1      | Reached XP level 1. HP: 19/19 MP: 0/0
    68 | D:1      | Reached XP level 2. HP: 16/27 MP: 1/1
   479 | D:1      | Found Aquhore's Armour Emporium.
   547 | D:1      | Reached XP level 3. HP: 33/33 MP: 2/2
  1194 | D:2      | Reached XP level 4. HP: 41/41 MP: 3/3
  1252 | D:2      | Found a white marble altar of Elyvilon.
  1337 | D:2      | Found a faded altar of an unknown god.
  1562 | D:3      | Found a radiant altar of Vehumet.
  1632 | D:3      | Found a sacrificial altar of Ru.
  1653 | D:3      | Reached XP level 5. HP: 28/47 MP: 4/4
  1826 | D:3      | Found a blossoming altar of Fedhas.
  1854 | D:3      | Noticed Jessica
  1860 | D:3      | Killed Jessica
  2079 | D:3      | Reached skill level 5 in Fighting
  2255 | D:4      | Reached skill level 5 in Armour
  2653 | D:4      | Found a shimmering altar of Xom.
  2750 | D:4      | Reached XP level 6. HP: 8/56 MP: 5/5
  2754 | D:4      | Killed from afar by an orc wizard

Illustrated notes

Levels and vault maps discovered:
D:1:      lemuel_arrival_hallway, layout_loops_ring, serial_shops, shop,
          minmay_pentomino_o4
D:2:      layout_basic, basic_ecumenical_altar, basic_altar, hex_medium,
          minmay_statues_item
D:3:      layout_rooms, nicolae_ru_great_annihilating_truth,
          fedhas_ov_isle_minmay, fiery_altar_vehumet, uniq_jessica
D:4:      layout_basic, mainiacjoe_overflow_tiny_flanked, minmay_cut_off

Skill      XL: |  1  2  3  4  5 |
---------------+----------------+-----
Armour         | 4 5 |  5.2
Fighting       | 4 5 |  5.3
Axes           | 3 4 |  4.7
Shields        | 4 |  4.5

Action                   |  1- 3 |  4- 6 || total
-------------------------+-------+-------++-------
Melee: War axe           |    83 |    75 ||   158
       Headbutt          |    13 |    12 ||    25
 Stab: Paralysed         |       |     1 ||     1
Armor: Scale mail        |    40 |    34 ||    74
Dodge: Dodged            |    32 |    28 ||    60
Block: Buckler           |    32 |    17 ||    49
